 Dungeon Crawl Stone Soup version 0.18-a0-1243-g9e52518 (webtiles) character file.

42 FrancescoMac the Skirmisher (level 3, 0/33 HPs)
             Began as a Hill Orc Fighter on Feb 5, 2016.
             Slain by a gnoll
             ... wielding a +0 halberd
              (7 damage)
             ... on level 2 of the Dungeon.
             The game lasted 00:05:18 (1088 turns).

FrancescoMac the Skirmisher (Hill Orc Fighter)      Turns: 1088, Time: 00:05:18

Health: 0/33       AC: 10    Str: 19    XL:     3   Next: 54%
Magic:  3/3        EV:  7    Int:  8    God:
Gold:   69         SH:  9    Dex: 10    Spells: 0 memorised, 2 levels left

rFire  + . .     SeeInvis .     a - +0 war axe
rCold  . . .     Gourm    .     q - +0 scale mail (curse)
rNeg   . . .     Faith    .     c - +0 shield
rPois  .         Spirit   .     r - +2 helmet
rElec  .         Dismiss  .     (no cloak)
rCorr  .         Reflect  .     (no gloves)
SustAt .         Harm     .     k - -1 pair of boots (curse)
MR     .....                    (no amulet)
Stlth  ..........               (no ring)
                                e - ring of protection from fire

@: not resistant to hostile enchantments, extremely unstealthy
A: no striking features
a: no special abilities


You were on level 2 of the Dungeon.
You were not hungry.

You visited 1 branch of the dungeon, and saw 2 of its levels.

You collected 69 gold pieces.

Inventory:

Hand Weapons
 a - a +0 war axe (weapon)
Missiles
 l - 42 stones (quivered)
 p - a throwing net
Armour
 b - a +0 scale mail
 c - a +0 shield (worn)
 j - a +0 ring mail
 k - a cursed -1 pair of boots (worn)
 q - a cursed +0 scale mail (worn)
 r - a +2 helmet (worn)
Jewellery
 e - a ring of protection from fire (left hand)
Scrolls
 g - a scroll of fear {unknown}
 h - a scroll of immolation {unknown}
 i - a scroll of teleportation {unknown}
 m - a scroll of remove curse {unknown}
 o - 2 scrolls of blinking {unknown}
 u - a scroll of noise {unknown}
 v - a scroll of identify {unknown}
Potions
 d - a potion of might
 s - a potion of curing {unknown}
Comestibles
 f - 2 bread rations
 n - 3 chunks of flesh
 t - a beef jerky


   Skills:
 + Level 4.2 Fighting
 + Level 3.0 Axes
 + Level 3.5 Armour
 + Level 1.0 Dodging
 + Level 3.7 Shields


You had 2 spell levels left.
You didn't know any spells.

Dungeon Overview and Level Annotations

Branches:
Dungeon (2/15)

Altars:
Xom


Message History

You block the gnoll's attack. The gnoll closely misses you.
You hit the gnoll.
You kill the gnoll!
Your Dodging skill increases to level 1!
The gnoll hits you from afar with a halberd.
You block the gnoll's attack. x2
The gnoll hits you with a halberd!
Things that are here:
29 stones; a gnoll corpse You barely miss the gnoll.
The gnoll hits you but does no damage. The gnoll hits you with a halberd!
* * * LOW HITPOINT WARNING * * *
The gnoll closely misses you.
You are too injured to fight recklessly!
You are too injured to fight recklessly!
You closely miss the gnoll. The gnoll barely misses you.
You block the gnoll's attack.
You closely miss the gnoll. The gnoll hits you but does no damage.
You block the gnoll's attack. The gnoll hits you with a halberd!
You die...

###.)..####..#######.#
#...................
##..####.รท.#########
#..# #......#
#..####[...#.#
##..........#.#
#......#....#.# #
#..#.....#.##.###....
#..##..#.#.##@....#
#......#.#.##g.g....#
#<...)...#.###....#.#
#.............#
......#
#.##........###
...#### # ########.#
#### ... .... ...


You could see 2 gnolls.

Vanquished Creatures
  A gnoll (D:2)
  An adder (D:2)
  3 bats (D:1)
  A giant cockroach (D:2)
  4 goblins
  5 hobgoblins
  A quokka (D:2)
  4 kobolds (D:1)
20 creatures vanquished.

Notes
Turn   | Place    | Note
--------------------------------------------------------------
     0 | D:1      | FrancescoMac the Hill Orc Fighter began the quest for the Orb.
     0 | D:1      | Reached XP level 1. HP: 19/19 MP: 1/1
   267 | D:1      | Reached XP level 2. HP: 27/27 MP: 2/2
   352 | D:1      | Reached skill level 4 in Fighting
   546 | D:1      | Found a shimmering altar of Xom.
   963 | D:2      | Reached XP level 3. HP: 26/33 MP: 3/3
  1084 | D:2      | Reached skill level 1 in Dodging
  1088 | D:2      | Slain by a gnoll

Vault maps used:
D:1:      scummos_arrival_simple_fountains, xom_teletrap_fun
D:2:      minmay_misc_feat_cross, moated_statue, minmay_rats_cheesy_pizza

Action                   || total
-------------------------++-------
Melee: War axe           ||    66
  Eat: Chunk             ||     1
